 Dungeon Crawl Stone Soup version 0.30-a0-986-g7f2e898f52 (webtiles) character file.

Game seed: 13769501615775964230

3199 Zonian the Grappler (level 9, -6/51 HPs)
             Began as a Vine Stalker Gladiator on Apr 1, 2023.
             Mangled by a yak (14 damage)
             ... on level 8 of the Dungeon.
             The game lasted 00:13:47 (7081 turns).

Zonian the Grappler (Vine Stalker Gladiator)        Turns: 7081, Time: 00:13:48

Health: -6/51      AC:  5    Str: 20    XL:     9   Next: 96%
Magic:  0/10       EV: 13    Int:  8    God:
Gold:   473        SH:  0    Dex: 17    Spells: 8/8 levels left

rFire   . . .      SeeInvis .      - Unarmed
rCold   . . .      Faith    .    (no shield)
rNeg    . . .      Spirit   +    a - +0 leather armour
rPois   .          Reflect  .    l - +0 helmet
rElec   .          Rampage  .    j - +0 cloak
rCorr   .                        (no gloves)
Will    +....                    (no boots)
Stlth   +++                      (no amulet)
HPRegen 1.08/turn                (no ring)
MPRegen 0.12/turn                (no ring)

@: no status effects
A: fangs 3, regeneration 1, magic shield, antimagic bite, no potion heal 2
a: no special abilities


You were on level 8 of the Dungeon.
You visited 2 branches of the dungeon, and saw 9 of its levels.

You collected 669 gold pieces.
You spent 196 gold pieces at shops.

Inventory:

Hand Weapons
 x - the +9 hand axe of Calculation {flame, rElec rC+ Str+3 Stlth+}
   (You took it off a gnoll sergeant on level 6 of the Dungeon)

   Str:       It affects your strength (+3).
   rC:        It protects you from cold.
   rElec:     It insulates you from electricity.
   Stlth:     It makes you more stealthy.
Missiles
 c - 2 throwing nets (quivered)
 d - a javelin
 t - 3 boomerangs
Armour
 a - a +0 leather armour (worn)
 b - a +0 helmet
 j - a +0 cloak (worn)
 l - a +0 helmet (worn)
Wands
 n - a wand of flame (19)
 z - a wand of paralysis (3)
Scrolls
 e - a scroll of summoning {unknown}
 f - 2 scrolls of blinking
 g - a scroll of immolation
 h - 2 scrolls of teleportation
 i - 2 scrolls of magic mapping {unknown}
 k - 3 scrolls of noise
 m - 3 scrolls of fear
 o - a scroll of enchant weapon {unknown}
 q - a scroll of silence
 u - a scroll of vulnerability {unknown}
 y - a scroll of poison {unknown}
Potions
 p - a potion of mutation {unknown}
 r - 3 potions of ambrosia
 s - 3 potions of magic
 v - a potion of curing
 w - a potion of attraction {unknown}


   Skills:
 + Level 7.9 Fighting
 - Level 3.1 Throwing
 - Level 3.4 Dodging
 + Level 6.8 Stealth
 + Level 9.0 Unarmed Combat


You had 8 spell levels left.
You didn't know any spells.
Your spell library contained the following spells:

 Spells                   Type           Power      Damage    Failure   Level
 Summon Small Mammal      Summ           0%         N/A       45%         1
 Call Canine Familiar     Summ           0%         N/A       83%         3
 Hailstorm                Conj/Ice       0%         3d3       83%         3
 Ignite Poison            Fire/Tmut/Pois 0%         N/A       83%         3
 Kindle Blastsparks       Fire/Tloc/Air  0%         2d10      83%         3
 Summon Guardian Golem    Hex/Summ       0%         N/A       83%         3
 Alistair's Intoxication  Tmut/Pois      0%         N/A       100%        5
 Blade Hands              Tmut           0%         N/A       100%        5
 Freezing Cloud           Conj/Ice/Air   0%         6-21      100%        5
 Simulacrum               Ice/Necr       0%         N/A       100%        6
 Orb of Destruction       Conj           0%         9d5       100%        7
 Spellforged Servitor     Conj/Summ      0%         N/A       100%        7
 Chain Lightning          Conj/Air       0%         N/A       100%        9
 Fire Storm               Conj/Fire      0%         5d1       100%        9
 Shatter                  Erth           0%         3d5*      100%        9


Dungeon Overview and Level Annotations

Branches:
Dungeon (8/15)             Temple (1/1) D:6
   Lair: D:8-11

Altars:
Cheibriados
Dithmenos
Elyvilon
Fedhas
Gozag
Kikubaaqudgha
Makhleb
Nemelex Xobeh
Ru
Trog
Vehumet
Wu Jian
Yredelemnul
Zin
The Shining One

Shops:
D:8 *

Annotations:
D:8 Amaemon


Innate Abilities, Weirdness & Mutations

You have razor-sharp teeth.
Your natural rate of healing is unusually fast.
When hurt, damage is shared between your health and your magic reserves.
Your bite disrupts and absorbs the magic of your enemies.
Potions cannot restore your health.


Message History

Done waiting.
Unknown command.
You see here a yak corpse.
There is a stone staircase leading down here.
You climb downwards.
Level annotation: Amaemon
There is a stone staircase leading up, spattered with blood here.
Unknown command.
The yak barely misses you. The yak completely misses you.
You punch the yak! You bite the yak. You drain its power.
The yak is heavily wounded.
The yak closely misses you. The yak gores you!
You hit the yak.
The yak is heavily wounded.
The yak closely misses you. x2
You punch the yak! You bite the yak, but do no damage.
The yak is almost dead.
The yak gores you. The yak closely misses you.
You punch the yak!
You kill the yak!
The yak gores you!
Your Unarmed Combat skill increases to level 9!
You punch the yak!
The yak is lightly wounded.
You punch the yak!
The yak is severely wounded.
The yak closely misses you. The yak gores you!
You punch the yak! Your bite misses the yak.
The yak is almost dead.
The yak gores you! x2
You are too injured to fight recklessly!
You are too injured to fight recklessly!
You are too injured to fight recklessly!
You barely miss the yak. Your bite misses the yak. The yak gores you!
* * * LOW HITPOINT WARNING * * *
The yak misses you. The yak attacks as you move away! The yak gores you.
* * * LOW HITPOINT WARNING * * *
The yak attacks as you move away! The yak gores you!
You die...

).. #...s....
... #....s6.. .
#.. ##..#.... ..
... #..##### ...
#.###### #..#
##. ...#..#.[.#
#..# #..
......†...# #..#
#.≈ .#..#.##<..#
#... #.≈
......Y@#......#
#.≈
#.#.#?#Y##.###..
#.. # #.. ...
#⌠. .### ... ###
. ....# .. ....
.. .... ..#


You could see 2 yaks.

Vanquished Creatures
  A manticore (D:6)
  Prince Ribbit (D:7)
  2 wyverns (D:8)
  4 yaks
  A vampire mosquito (D:6)
  2 water moccasins
  An ice beast (D:8)
  A black bear (D:5)
  2 ogres (D:5)
  A kobold brigand (D:6)
  A bullfrog (D:7)
  2 scorpions
  A gnoll sergeant (D:6)
  3 killer bees (D:7)
  3 howler monkeys (D:7)
  A gnoll bouda (D:5)
  An orc priest (D:4)
  2 sleepcaps (D:6)
  4 iguanas
  An orc wizard (D:5)
  7 gnolls
  8 adders
  A white imp (D:4)
  An ufetubus (D:5)
  3 worms
  3 dart slugs
  20 orcs
  5 ball pythons
  6 bats
  7 endoplasms
  7 goblins
  4 hobgoblins
  4 jackals (D:3)
  11 kobolds
  7 quokkas
  4 frilled lizards
  A goblin zombie (D:4)
  7 rats
141 creatures vanquished.

Vanquished Creatures (others)
  A fungus (D:7)
  5 toadstools (D:7)
6 creatures vanquished.

Grand Total: 147 creatures vanquished

Notes
Turn   | Place    | Note
-------+----------+-------------------------------------------
     0 | D:1      | Zonian the Vine Stalker Gladiator began the quest for the
                  | Orb.
     0 | D:1      | Reached XP level 1. HP: 11/11 MP: 2/2
   120 | D:1      | Reached XP level 2. HP: 15/15 MP: 3/3
   697 | D:2      | Reached XP level 3. HP: 18/18 MP: 4/4
  1240 | D:2      | Gained mutation: Your natural rate of healing is unusually
                  | fast. [Vine Stalker growth]
  1240 | D:2      | Reached XP level 4. HP: 9/23 MP: 3/5
  1601 | D:3      | Found a faded altar of an unknown god.
  1960 | D:3      | Reached XP level 5. HP: 27/27 MP: 6/6
  2236 | D:4      | Found a shadowy altar of Dithmenos.
  3254 | D:4      | Reached skill level 4 in Unarmed Combat
  3254 | D:4      | Reached XP level 6. HP: 26/32 MP: 7/7
  3395 | D:5      | Entered Level 5 of the Dungeon
  3419 | D:5      | Found a bloodstained altar of Trog.
  3511 | D:5      | Noticed a water moccasin
  3521 | D:5      | Killed a water moccasin
  3522 | D:5      | Reached skill level 5 in Unarmed Combat
  3522 | D:5      | Reached XP level 7. HP: 13/37 MP: 5/8
  3809 | D:5      | Reached skill level 5 in Fighting
  4119 | D:6      | Found a staircase to the Ecumenical Temple.
  4136 | Temple   | Entered the Ecumenical Temple
  4198 | D:6      | Reached skill level 6 in Unarmed Combat
  4198 | D:6      | Gained mutation: You have razor-sharp teeth. [Vine Stalker
                  | growth]
  4198 | D:6      | Reached XP level 8. HP: 16/43 MP: 6/9
  4325 | D:6      | Found a sparkling altar of Nemelex Xobeh.
  4688 | D:6      | Identified the +9 hand axe of Calculation {flame, rElec rC+
                  | Str+3 Stlth+}
  4936 | D:6      | Reached skill level 7 in Unarmed Combat
  4963 | D:6      | Noticed a manticore
  5017 | D:6      | Reached skill level 1 in Stealth
  5074 | D:6      | Killed a manticore
  5075 | D:6      | Reached XP level 9. HP: 17/49 MP: 2/10
  5561 | D:6      | Found a white marble altar of Elyvilon.
  6033 | D:7      | Got Orosageb's Precepts of the Icicle and Vicissitude
  6286 | D:7      | Reached skill level 8 in Unarmed Combat
  6348 | D:7      | Found a burning altar of Makhleb.
  6438 | D:7      | Found a basalt altar of Yredelemnul.
  6446 | D:7      | Noticed Prince Ribbit
  6458 | D:7      | Killed Prince Ribbit
  6459 | D:7      | Reached skill level 5 in Stealth
  6587 | D:7      | Found a glowing golden altar of the Shining One.
  6589 | D:7      | Noticed an angel
  6761 | D:8      | Found Qitroj's Assorted Antiques.
  6774 | D:8      | Bought a scroll labelled YMYSILLEWKE for 28 gold pieces
  6774 | D:8      | Bought a crooked ivory wand for 112 gold pieces
  6774 | D:8      | Bought a scroll of identify for 56 gold pieces
  6848 | D:8      | Noticed Amaemon
  7077 | D:8      | Reached skill level 9 in Unarmed Combat
  7081 | D:8      | Mangled by a yak

Illustrated notes

Levels and vault maps discovered:
D:1:      dpeg_arrival_renting, layout_basic
D:2:      layout_rooms, kennysheep_cross_bottleneck
D:3:      layout_loops_ring, hellmonk_ecumenical_altar_run_dry
D:4:      layout_layer_cave, mainiacjoe_overflow_cross_hatched, enter_ossuary_3,
          minmay_misc_feat_five
D:5:      layout_loops_ring, old_standard_altar
D:6:      layout_layer_cave, elyvilon_altar_3, lemuel_crystal_altar,
          minmay_temple_entry_statues_fountains, minmay_three_doors
D:7:      layout_basic, grunt_temple_overflow_holy_war, amcnicky_altar_gilded,
          minmay_holes, dk_noncrumbling_4, minmay_gold_behind_fungi,
          uniq_prince_ribbit1
D:8:      layout_rooms, serial_shops, nicolae_lakefront_shop,
          kennysheep_generic_room_6, uniq_amaemon
Temple:   hellmonk_temple_two_chambers

Skill      XL: |  1  2  3  4  5  6  7  8  9 |
---------------+----------------------------+-----
Fighting       | 2 3 4 5 6 7 |  7.9
Throwing       | 2 3 |  3.1
Dodging        | 3 |  3.4
Unarmed Combat | 4 5 6 7 9 |  9.0
Stealth        | 3 6 |  6.8

Action                     |  1- 3 |  4- 6 |  7- 9 || total
---------------------------+-------+-------+-------++-------
  Melee: Unarmed           |   111 |   140 |   247 ||   498
         Bite              |    30 |    35 |    95 ||   160
         Punch             |     2 |     3 |    14 ||    19
  Throw: Throwing net      |       |       |     4 ||     4
         Javelin           |       |       |     1 ||     1
         Boomerang         |       |       |     1 ||     1
  Evoke: Wand              |       |       |     5 ||     5
    Use: Scroll            |       |     3 |     8 ||    11
         Potion            |       |     1 |     3 ||     4
   Stab: Sleeping          |       |     1 |     4 ||     5
 Armour: Leather armour    |    33 |    31 |    48 ||   112
  Dodge: Dodged            |    75 |   102 |   179 ||   356

Table legend: (Time is in decaauts)
 A = Elapsed time spent in this place.
 B = Non-inter-level travel time spent in this place.
 C = Inter-level travel time spent in this place.
 D = Time resting spent in this place.
 E = Time spent auto-exploring this place.
 F = Levels seen in this place.
 G = Mean time per level.
                   A        B        C        D        E       F      G
               +--------+--------+--------+--------+--------+-----+--------+
         Total |   7030 |   6814 |    216 |    789 |   4655 |   9 |  781.1 |
       Dungeon |   7006 |   6790 |    216 |    789 |   4651 |   8 |  875.8 |
        Temple |     23 |     23 |      0 |      0 |      4 |   1 |   23.0 |
               +--------+--------+--------+--------+--------+-----+--------+

Top non-repeatable levels by time:
     D:6: 1646 daAuts
     D:4: 1217 daAuts
     D:7: 1131 daAuts
     D:2: 862 daAuts
     D:5: 705 daAuts
     D:3: 652 daAuts
     D:1: 648 daAuts
     D:8: 143 daAuts
  Temple: 23 daAuts
